 Dungeon Crawl Stone Soup version 0.16.1-18-g436b03c (webtiles) character file.

14 masdan the Ruffian (level 2, 27/27 HPs)
             Began as a Troll Transmuter on Apr 27, 2015.
             Quit the game on level 1 of the Dungeon.
             The game lasted 00:03:32 (273 turns).

masdan the Ruffian (Troll Transmuter)                Turns: 273, Time: 00:03:32

Health: 27/27      AC:  5    Str: 17    XL:     2   Next: 31%
Magic:  2/2        EV: 10    Int:  9    God:
Gold:   9          SH:  0    Dex: 10    Spells: 2 memorised, 0 levels left

rFire  . . .     SeeInvis .       - Unarmed
rCold  . . .     Clarity  .     g - +0 robe
rNeg   . . .     SustAb   .     (shield restricted)
rPois  .         Gourm    +     (helmet restricted)
rElec  .         Spirit   .     (no cloak)
rCorr  .         Warding  .     (gloves unavailable)
rMut   .         Stasis   .     (boots unavailable)
MR     .....                    (no amulet)
Stlth  +.........               (no ring)
                                (no ring)

@: very slightly contaminated, not resistant to hostile enchantments, very
unstealthy
A: unfitting armour, claws 3, fast metabolism 3, gourmand, regeneration 2,
shaggy fur 1, tough skin 2
a: no special abilities


You were on level 1 of the Dungeon.
You were not hungry.

You visited 1 branch of the dungeon, and saw 1 of its levels.

You collected 9 gold pieces.

Inventory:

Missiles
 b - 12 arrows
Armour
 c - a +0 robe
 g - a +0 robe (worn)
Scrolls
 e - a scroll of teleportation {unknown}
 i - a scroll of recharging {unknown}
Potions
 h - a potion of invisibility {unknown}
Books
 d - a book of Changes

   Spells                             Type                      Level
   a - Beastly Appendage              Transmutation                1
   b - Sticks to Snakes               Transmutation                2
   c - Spider Form                    Transmutation/Poison         3
   d - Ice Form                       Ice/Transmutation            4
   e - Blade Hands                    Transmutation                5
Comestibles
 a - 2 meat rations
 f - 3 chunks of flesh
 j - a poisonous chunk of flesh


   Skills:
 * Level 1.0 Fighting
 * Level 1.7 Dodging
 * Level 3.3 Unarmed Combat
 + Level 1.3 Spellcasting
 * Level 1.5 Transmutations


You couldn't memorise any spells.
You knew the following spells:

 Your Spells              Type           Power        Failure   Level  Hunger
a - Beastly Appendage     Trmt           #.....       21%         1    ##.....
b - Sticks to Snakes      Trmt           #.........   34%         2    ###....


Dungeon Overview and Level Annotations

Branches:
Dungeon (1/15)

Altars:


Innate Abilities, Weirdness & Mutations

You are too large for most types of armour.
You have claws for hands.
Your metabolism is lightning-fast.
You like to eat raw meat.
You heal very quickly.
You are covered in fur (AC +1).
You have very tough skin (AC +2).


Message History

You kill the giant mite!
Your Fighting skill increases to level 1!
You have reached level 2!
You see here a giant mite corpse.
You butcher the giant mite corpse.
You see here a poisonous chunk of flesh.
You see here a poisonous chunk of flesh.
j - a poisonous chunk of flesh You see here a whip.
You open the door.
Memorise Sticks to Snakes, consuming 2 spell levels and leaving 0?
Okay, then.
Memorise Sticks to Snakes, consuming 2 spell levels and leaving 0?
You start memorising the spell.
You continue memorising.
You continue memorising.
You finish memorising.
Spell assigned to 'b'.
You see here a whip.
Quiver which item? (- for none, * to show all) (? for menu, Esc to quit)
Okay, then.
Are you sure you want to abandon this character and quit the game? (Confirm with "yes".)

.........................
#####.##.....#...##.####
#.##....)##..# .#
#.##.....##..##.#
#.##.....##..##.# ###
#.##............#...
#.##............#.#
#.##..............#
#.######....@...###
#........# #.....)..#
#........# ######'#.##
..........# ######....#
##...# #.# #...# #.#


There were no monsters in sight!

Vanquished Creatures
  A giant mite (D:1)
  A ball python (D:1)
  A giant cockroach (D:1)
  A hobgoblin (D:1)
  2 kobolds (D:1)
  A giant newt (D:1)
  A rat (D:1)
  4 toadstools (D:1)
12 creatures vanquished.

Vanquished Creatures (others)
  3 toadstools (D:1)
3 creatures vanquished.

Grand Total: 15 creatures vanquished

Notes
Turn   | Place    | Note
--------------------------------------------------------------
     0 | D:1      | masdan, the Troll Transmuter, began the quest for the Orb.
     0 | D:1      | Reached XP level 1. HP: 18/18 MP: 2/2
   248 | D:1      | Reached skill level 1 in Fighting
   248 | D:1      | Reached XP level 2. HP: 25/27 MP: 0/2
   270 | D:1      | Learned a level 2 spell: Sticks to Snakes
   273 | D:1      | Quit the game

Action                   || total
-------------------------++-------
Melee: Unarmed           ||    22
 Cast: Beastly Appendage ||     4
